 Dungeon Crawl Stone Soup version 0.28.0-53-g5a82cb258f (webtiles) character file.

Game seed: 6418339991175755222

29 purpskrrrp the Chopper (level 3, -1/29 HPs)
             Began as a Demonspawn Wanderer on June 23, 2022.
             Slain by a gnoll
             ... wielding a +1 spear of venom
              (8 damage)
             ... on level 2 of the Dungeon.
             The game lasted 00:02:02 (382 turns).

purpskrrrp the Chopper (Demonspawn Wanderer)         Turns: 382, Time: 00:02:03

Health: -1/29      AC:  3    Str: 14    XL:     3   Next: 1%
Magic:  3/4        EV: 11    Int: 14    God:
Gold:   36         SH:  0    Dex: 11    Spells: 3/4 levels left

rFire   . . .      SeeInvis .   a - +3 hand axe
rCold   . . .      Faith    .   (no shield)
rNeg    . . .      Spirit   .   c - +0 robe
rPois   .          Reflect  .   (helmet restricted)
rElec   .          Harm     .   (no cloak)
rCorr   .          Rampage  .   (no gloves)
Will    .....                   e - +0 pair of boots
Stlth   +.........              (no amulet)
HPRegen 0.09/turn               (no ring)
MPRegen 0.09/turn               (no ring)

@: no status effects
A: antennae 1
a: no special abilities


You were on level 2 of the Dungeon.
You visited 1 branch of the dungeon, and saw 2 of its levels.

You collected 36 gold pieces.

Inventory:

Hand Weapons
 a - a +3 hand axe (weapon)
Missiles
 b - 25 stones
Armour
 c - a +0 robe (worn)
 e - a +0 pair of boots (worn)
Potions
 d - a potion of might {unknown}


   Skills:
 + Level 3.1 Fighting
 + Level 3.3 Axes
 + Level 0.2 Dodging
 + Level 1.0 Stealth
 + Level 1.0 Spellcasting
 + Level 2.2 Earth Magic


You had 3 spell levels left.
You knew the following spells:

 Your Spells              Type           Power      Damage    Failure   Level
a - Sandblast             Erth           12%        2d6       11%         1

Your spell library contained the following spells:

 Spells                   Type           Power      Damage    Failure   Level
 Stone Arrow              Conj/Erth      6%         3d7       45%         3


Dungeon Overview and Level Annotations

Branches:
Dungeon (1/15)

Altars:

Shops:
D:1 ?


Innate Abilities, Weirdness & Mutations

You have a pair of small antennae on your head.


Message History

Your demonic ancestry asserts itself...
A pair of antennae grows on your head! The gnoll closely misses you.
Aiming: Sandblast (safe; 11% risk of failure)
Press: ? - help, Q - select action, (/) - cycle Shift-Dir - straight line, f - gnoll
Aim: a gnoll, wielding a +0 flail (moderately wounded, 81% to hit)
The blast of sand hits the gnoll.
The gnoll is moderately wounded.
The gnoll hits you with a +0 flail.
* * * LOW HITPOINT WARNING * * *
You slash the gnoll!
The gnoll is almost dead.
The gnoll closely misses you.
You closely miss the gnoll.
The gnoll is almost dead.
The gnoll barely misses you.
You hit the gnoll.
You kill the gnoll!
The endoplasm jiggles.
You slash the endoplasm!
You kill the endoplasm!
You have reached level 3!
Your experience leads to an increase in your attributes!
Increase (S)trength, (I)ntelligence, or (D)exterity?
You feel stronger. x2
You start resting.
Magic restored.
You start resting.
A gnoll is nearby!
A gnoll is nearby!
Aiming: Sandblast (safe; 11% risk of failure)
Press: ? - help, Q - select action, (/) - cycle Shift-Dir - straight line, f - you
Okay, then.
Aiming: Sandblast (safe; 11% risk of failure)
Press: ? - help, Q - select action, (/) - cycle Shift-Dir - straight line, f - gnoll
Aim: a gnoll, wielding a +1 spear of venom (81% to hit)
The blast of sand hits the gnoll.
The gnoll is moderately wounded.
The gnoll hits you with a +1 spear of venom!
You die...

.... ..... .....
...g.. ...g..###
..J.....#
####.##.# #g# #@#
#.##########
#..........##
#######.....###.#
#.........#
#.....#####
#####...####
##..........#
#...##...##.#


You could see a gnoll.

Vanquished Creatures
  2 gnolls (D:2)
  An endoplasm (D:2)
  A hobgoblin (D:1)
  2 jackals (D:1)
  A quokka (D:2)
  A ball python (D:1)
  A goblin (D:1)
  A rat (D:1)
10 creatures vanquished.

Notes
Turn   | Place    | Note
-------+----------+-------------------------------------------
     0 | D:1      | purpskrrrp the Demonspawn Wanderer began the quest for the
                  | Orb.
     0 | D:1      | purpskrrrp set off with the following items: a +3 hand axe,
                  | 28 stones, a +0 robe; and the following spell memorised:
                  | Sandblast; and the following spells available to memorise:
                  | Stone Arrow
     0 | D:1      | Reached XP level 1. HP: 18/18 MP: 2/2
   197 | D:1      | Found Huigec's Magic Scroll Boutique.
   261 | D:1      | You fall into a shaft and drop 1 floor!
   338 | D:2      | Gained mutation: You have a pair of small antennae on your
                  | head. [demonic ancestry]
   338 | D:2      | Reached XP level 2. HP: 8/24 MP: 3/3
   344 | D:2      | Reached XP level 3. HP: 3/29 MP: 2/4
   382 | D:2      | Slain by a gnoll

Illustrated notes

Levels and vault maps discovered:
D:1:      dpeg_arrival_another_circle, layout_loops_ring,
          ebering_ecumenical_altar_hall, serial_shops, shop, nicolae_shop_trees,
          shop, nicolae_shop_overgrown_old_shop, nrook_loot_triangle
D:2:      minmay_wonky_spiral, layout_loops_ring, kennysheep_generic_room_14,
          uniq_robin

Skill      XL: |  1 |
---------------+----+-----
Axes           | 3 |  3.3
Earth Magic    | 2 |  2.2
Fighting       | |  3.1
Dodging        | |  0.2
Stealth        | |  1.0
Spellcasting   | |  1.0

Action                   || total
-------------------------++-------
Melee: Hand axe          ||    25
 Cast: Sandblast         ||     3
  Use: Potion            ||     1
Armor: Robe              ||     5
Dodge: Dodged            ||    12
